 Dungeon Crawl Stone Soup version 0.27.1-33-g824d729ab1 (webtiles) character file.

Game seed: 13979638549690420406

773 LLlMATKO the Skirmisher (level 7, 0/94 HPs)
             Began as a Minotaur Berserker on Dec 28, 2021.
             Was a Priest of Trog.
             Succumbed to a scorpion's poison
             ... on level 5 of the Dungeon.
             The game lasted 00:11:11 (6392 turns).

LLlMATKO the Skirmisher (Minotaur Berserker)        Turns: 6392, Time: 00:11:12

Health: 0/94       AC:  7    Str: 22    XL:     7   Next: 53%
Magic:  6/6        EV: 12    Int:  4    God:    Trog [***...]
Gold:   191        SH:  0    Dex: 11    Spells: 6/6 levels left

rFire    . . .     SeeInvis .   C - +0 morningstar
rCold    . . .     Faith    .   (no shield)
rNeg     . . .     Spirit   .   y - +0 ring mail
rPois    .         Reflect  .   (helmet restricted)
rElec    .         Harm     .   (no cloak)
rCorr    .         Rampage  .   (no gloves)
Will     +....                  z - +0 pair of boots
Stlth    ..........             (no amulet)
HPRegen  0.25/turn              f - ring of willpower
MPRegen  0.10/turn              (no ring)

@: berserking, lethally poisoned (0 -> -8), very quick
A: horns 2, retaliatory headbutt
a: Renounce Religion, Berserk, Trog's Hand


You were on level 5 of the Dungeon.
You worshipped Trog.
Trog was most pleased with you.
You visited 1 branch of the dungeon, and saw 5 of its levels.
You also visited: Sewer.

You collected 275 gold pieces.
You spent 84 gold pieces at shops.

Inventory:

Hand Weapons
 a - a +0 hand axe
 h - a +3 whip
 B - a +0 hand crossbow
 C - a +0 morningstar (weapon)
Missiles
 c - 191 stones (quivered)
 i - 14 poisoned darts
 j - 28 bolts
 v - 3 boomerangs
Armour
 y - a +0 ring mail (worn)
 z - a +0 pair of boots (worn)
Jewellery
 f - a ring of willpower (left hand)
 g - a ring of positive energy
 u - a ring of resist corrosion
Scrolls
 b - a scroll of magic mapping {unknown}
 e - a scroll of silence {unknown}
 k - a scroll of acquirement {unknown}
 l - a scroll of teleportation {unknown}
 m - a scroll of enchant armour {unknown}
 n - 2 scrolls of enchant weapon {unknown}
 p - 6 scrolls of blinking {unknown}
 q - 3 scrolls of fog {unknown}
 t - 2 scrolls of amnesia {unknown}
 w - 3 scrolls of holy word {unknown}
 x - 2 scrolls of immolation {unknown}
 D - a scroll of vulnerability {unknown}
Potions
 d - a potion of berserk rage {unknown}
 o - 3 potions of flight
 r - a potion of haste {unknown}
 s - a potion of might {unknown}
 A - a potion of curing {unknown}


   Skills:
 + Level 6.1 Fighting
 - Level 4.4(5.1) Axes
 + Level 3.9(4.9) Maces & Flails
 + Level 1.1 Crossbows
 + Level 5.4 Armour
 + Level 5.0 Dodging


You had 6 spell levels left.
You didn't know any spells.
Your spell library was empty.

Dungeon Overview and Level Annotations

Branches:
Dungeon (5/15)              Sewer (visited)
 Temple: D:4-7

Altars:
Beogh

Shops:
D:2 *   D:4 *


Innate Abilities, Weirdness & Mutations

You have a pair of horns on your head.
You reflexively headbutt those who attack you in melee.


Message History

The scorpion is almost dead.
You feel very sick. The scorpion stings you.
You are lethally poisoned!
The scorpion poisons you!
A red film seems to cover your vision as you go berserk!
You feel yourself moving faster!
You feel mighty!
You feel very sick. The scorpion stings you!
* * * LOW HITPOINT WARNING * * *
The scorpion stings you.
* * * LOW HITPOINT WARNING * * *
You barely miss the scorpion. Your headbutt misses the scorpion.
The scorpion is almost dead.
* * * LOW HITPOINT WARNING * * *
You feel very sick.
The scorpion stings you but does no damage.
Unknown command.
You are too berserk!
You are too berserk!
You bludgeon the scorpion!!
You kill the scorpion!
Trog accepts your kill.
* * * LOW HITPOINT WARNING * * *
You feel sick.
Your Crossbows skill increases to level 1!
Your Dodging skill increases to level 5!
You hit the necrophage.
The necrophage is moderately damaged.
* * * LOW HITPOINT WARNING * * *
You feel sick. The necrophage barely misses you.
Unknown command.
You barely miss the necrophage. Your headbutt misses the necrophage.
The necrophage is lightly damaged.
* * * LOW HITPOINT WARNING * * *
You feel sick.
Unknown command.
You hit the necrophage. You headbutt the necrophage.
The necrophage is severely damaged.
You die...

... #.# #.#
#.########
#........#
#.######.########
#.# #.........
#.# #.########
#@# #.# #n# #.#
#.# #.# #.# ##.##
#.#
###.#.########
#.#
#..###........
#.#
#.#.#.########
#.# #.##>##
#.##.#


You could see a necrophage.

Vanquished Creatures
  Menkaure (D:4)
  A water moccasin (D:4)
  An orc warrior (D:4)
  2 scorpions (D:5)
  A jelly (D:4)
  An orc priest (D:4)
  An iguana (D:5)
  2 orc wizards (D:4)
  7 adders
  An ufetubus (D:4)
  A worm (Sewer)
  14 orcs
  8 ball pythons
  14 bats
  8 endoplasms
  7 giant cockroaches
  9 goblins
  8 hobgoblins
  11 jackals
  11 kobolds
  5 quokkas
  5 frilled lizards
  7 rats
126 creatures vanquished.

Vanquished Creatures (others)
  3 plants (D:1)
3 creatures vanquished.

Grand Total: 129 creatures vanquished

Notes
Turn   | Place    | Note
-------+----------+-------------------------------------------
     0 | D:1      | LLlMATKO the Minotaur Berserker began the quest for the
                  | Orb.
     0 | D:1      | Reached XP level 1. HP: 19/19 MP: 0/0
   170 | D:1      | Reached XP level 2. HP: 22/27 MP: 1/1
   371 | D:1      | Reached skill level 4 in Fighting
   963 | D:1      | Reached XP level 3. HP: 33/33 MP: 2/2
  1403 | D:2      | Reached ** piety under Trog
  1415 | D:2      | Reached XP level 4. HP: 35/41 MP: 3/3
  1626 | D:2      | Found a faded altar of an unknown god.
  2104 | D:2      | Found Lasurr's General Store.
  2601 | D:3      | Found a glowing drain.
  2624 | Sewer    | Entered a sewer
  2875 | Sewer    | Reached *** piety under Trog
  3324 | Sewer    | Reached skill level 1 in Maces & Flails
  4059 | D:3      | Reached XP level 5. HP: 39/47 MP: 4/4
  4679 | D:4      | Noticed a water moccasin
  4692 | D:4      | Killed a water moccasin
  4693 | D:4      | Reached skill level 5 in Fighting
  4693 | D:4      | Reached XP level 6. HP: 19/56 MP: 5/5
  4701 | D:3      | HP: 1/56 [poisoned by a water moccasin]
  5377 | D:4      | Noticed Menkaure
  5385 | D:4      | Killed Menkaure
  5681 | D:4      | Noticed an orc warrior
  5688 | D:4      | Killed an orc warrior
  5689 | D:4      | Reached XP level 7. HP: 62/62 MP: 6/6
  5690 | D:4      | Reached skill level 5 in Armour
  5833 | D:4      | Found Xinip's Assorted Antiques.
  6007 | D:4      | Bought a hand crossbow for 84 gold pieces
  6153 | D:5      | Entered Level 5 of the Dungeon
  6177 | D:5      | Reached skill level 6 in Fighting
  6390 | D:5      | Reached skill level 1 in Crossbows
  6390 | D:5      | Reached skill level 5 in Dodging
  6390 | D:5      | HP: 4/94 [poisoned by a scorpion]
  6392 | D:5      | Succumbed to a scorpion's poison

Illustrated notes

Levels and vault maps discovered:
D:1:      minmay_arrival_shattered_statue, layout_loops_ring,
          serial_bayou_pond_e
D:2:      layout_basic, shapermc_ecumenical_altar_starsandcircs, serial_shops,
          nicolae_square_shop, minivault_14, minmay_misc_feat_nine_boxes,
          minmay_nonomino_d4
D:3:      layout_basic, gup_sewer_entry_glass
D:4:      layout_rooms, serial_shops, nicolae_square_shop,
          kennysheep_orc_chapel, uniq_menkaure
D:5:      layout_loops_ring, minmay_temple_entry_enclosed_plants,
          kennysheep_generic_room_13, uniq_prince_ribbit1,
          uniq_crazy_yiuf_cottage

Skill      XL: |  1  2  3  4  5  6  7 |
---------------+----------------------+-----
Fighting       | 4 5 6 |  6.1
Axes           | 4 |  4.4
Armour         | 3 4 5 |  5.4
Dodging        | 3 4 5 |  5.0
Maces & Flails | 1 2 3 |  3.9
Crossbows      | 1 |  1.1

Action                   |  1- 3 |  4- 6 |  7- 9 || total
-------------------------+-------+-------+-------++-------
Melee: Hand axe          |    76 |    20 |       ||    96
       Headbutt          |    10 |    28 |     6 ||    44
       Whip              |       |   130 |    32 ||   162
       Morningstar       |       |       |    26 ||    26
Invok: Berserk           |     1 |     3 |     2 ||     6
  Use: Potion            |       |     2 |       ||     2
 Stab: Sleeping          |     1 |     3 |       ||     4
Armor: Animal skin       |     9 |    22 |       ||    31
       Ring mail         |       |     4 |    23 ||    27
Dodge: Dodged            |    50 |    96 |    38 ||   184
